 Dungeon Crawl Stone Soup version 0.28-a0-410-gbef64dd269 (webtiles) character file.

Game seed: 171468901354861950

4071 Demosthentine the Spear-Bearer (level 10, -1/80 HPs)
             Began as a Merfolk Gladiator on Sept 7, 2021.
             Was a Believer of the Shining One.
             Slain by a killer bee (8 damage)
             ... on level 9 of the Dungeon.
             The game lasted 00:07:06 (8956 turns).

Demosthentine the Spear-Bearer (Merfolk Gladiator)  Turns: 8956, Time: 00:07:07

Health: -1/80      AC:  5    Str: 22    XL:     10   Next: 25%
Magic:  10/10      EV: 17    Int:  8    God:    the Shining One [**....]
Gold:   448        SH:  0    Dex: 17    Spells: 9/9 levels left

rFire   . . .      SeeInvis .   a - +1 trident (venom)
rCold   . . .      Faith    .   (no shield)
rNeg    + . .      Spirit   .   b - +0 leather armour
rPois   .          Reflect  .   c - +1 helmet
rElec   .          Harm     .   (no cloak)
rCorr   .          Rampage  .   (no gloves)
Will    .....                   (no boots)
Stlth   +.........              (no amulet)
HPRegen 0.23/turn               j - +6 ring of strength
MPRegen 0.12/turn               (no ring)

@: lethally poisoned (-1 -> -4), glowing
A: (nimble swimmer 2), mertail
a: Renounce Religion, Divine Shield


You were on level 9 of the Dungeon.
You worshipped the Shining One.
The Shining One was pleased with you.
You visited 2 branches of the dungeon, and saw 10 of its levels.
You also visited: Sewer.

You collected 464 gold pieces.
You donated 16 gold pieces to Zin.

Inventory:

Hand Weapons
 a - a +1 trident of venom (weapon)
Armour
 b - a +0 leather armour (worn)
 c - a +1 helmet (worn)
Jewellery
 j - a +6 ring of strength (left hand)
 u - a +6 ring of dexterity
Wands
 d - a wand of charming (4)
 l - a wand of flame (17)
 s - a wand of mindburst (14)
Scrolls
 e - 2 scrolls of amnesia
 f - 5 scrolls of teleportation
 k - 2 scrolls of silence
 o - 9 scrolls of enchant weapon
 p - a scroll of fear
 q - 2 scrolls of identify
 r - a scroll of brand weapon
 t - a scroll of blinking
Potions
 g - 5 potions of flight
 h - a potion of cancellation
 i - 3 potions of attraction
 m - 2 potions of curing
 n - 2 potions of magic


   Skills:
 + Level 8.2 Fighting
 + Level 11.1 Polearms
 - Level 2.0 Throwing
 + Level 5.4 Armour
 + Level 10.2 Dodging


You had 9 spell levels left.
You didn't know any spells.
Your spell library contained the following spells:

 Spells                   Type           Power      Damage    Failure   Level
 Pain                     Necr           0%         1d4       45%         1
 Sting                    Tmut/Pois      0%         1d3       45%         1
 Poisonous Vapours        Pois/Air       0%         N/A       58%         2
 Dazzling Flash           Conj/Hex       0%         N/A       83%         3
 Animate Dead             Necr           0%         N/A       99%         4
 Iskenderun's Mystic Bla  Conj/Tloc      0%         2d3       99%         4
 Olgreb's Toxic Radiance  Pois           0%         N/A       99%         4
 Summon Lightning Spire   Summ/Air       0%         N/A       99%         4
 Agony                    Necr           0%         N/A       100%        5
 Borgnjor's Vile Clutch   Necr/Erth      0%         N/A       100%        5
 Excruciating Wounds      Necr           0%         N/A       100%        5
 Death Channel            Necr           0%         N/A       100%        6
 Starburst                Conj/Fire      0%         6d3       100%        6
 Storm Form               Tmut/Air       0%         N/A       100%        7
 Maxwell's Capacitive Co  Air            0%         ∞         100%        8


Dungeon Overview and Level Annotations

Branches:
Dungeon (9/15)             Temple (1/1) D:6            Lair (0/6) D:8
  Sewer (visited)
    Orc: D:9-12

Altars:
Ashenzari
Cheibriados
Elyvilon
Fedhas
Gozag
Hepliaklqana
Kikubaaqudgha
Nemelex Xobeh
Okawaru
Qazlal
Ru
Sif Muna
Trog
Uskayaw
Vehumet
Wu Jian
Xom
Yredelemnul
Zin
The Shining One

Shops:
D:2 :

Annotations:
D:8 1 runed translucent door, Zebbs's ghost, novice MiFi


Innate Abilities, Weirdness & Mutations

((You are quick and stealthy near water. (Stealth+, EV+, Speed+++)))
Your lower body shifts to a powerful aquatic tail in water.


Message History

You are too injured to fight recklessly!
You puncture the killer bee!
The killer bee looks as sick as possible!
The killer bee is heavily wounded.
You feel sick.
You kill the killer bee!
You hit the killer bee.
The killer bee is poisoned.
The killer bee is moderately wounded.
The killer bee stings you! The killer bee barely misses you.
You puncture the killer bee!
You kill the killer bee!
You feel sick. The killer bee barely misses you.
You puncture the killer bee!
The killer bee is heavily wounded.
You feel sick.
The killer bee stings you but does no damage.
You hit the killer bee.
The killer bee is poisoned.
The killer bee is severely wounded.
The killer bee stings you.
The killer bee stings you but does no damage.
You puncture the killer bee!
You kill the killer bee!
You feel sick. The killer bee barely misses you.
You hit the killer bee.
The killer bee is moderately wounded.
You feel sick.
You are no longer poisoned.
The killer bee stings you!
* * * LOW HITPOINT WARNING * * *
You are poisoned.
The killer bee poisons you! The killer bee stings you!
* * * LOW HITPOINT WARNING * * *
You closely miss the killer bee.
The killer bee is moderately wounded.
You feel sick. The killer bee closely misses you.
You hit the killer bee but do no damage.
The killer bee is poisoned.
The killer bee is moderately wounded.
You feel sick. The killer bee completely misses you. The killer bee stings you!
You die...

#### #(.
#.# #@#
#y#
##.##
####...#
#....<.#
#.##...#
# #####


You could see a killer bee (very poisoned).

Vanquished Creatures
  A two-headed ogre (D:8)
  A yak (D:8)
  4 steam dragons
  Edmund (D:4)
  A water moccasin (D:8)
  4 black bears
  2 orc warriors (D:6)
  A hornet zombie (D:7)
  An ice beast (D:7)
  4 ogres
  4 bullfrogs
  A kobold brigand (D:6)
  A scorpion (D:8)
  5 killer bees
  8 wights
  2 howler monkeys
  A centaur zombie (D:6)
  A jelly (D:6)
  A bullfrog skeleton (D:6)
  5 iguanas
  2 orc wizards (D:7)
  A hound zombie (D:5)
  A howler monkey zombie (D:5)
  4 adders
  3 white imps
  6 worms
  A dart slug (D:5)
  12 orcs
  11 endoplasms
  3 giant cockroaches
  13 goblins
  8 hobgoblins
  11 jackals
  4 quokkas
  9 ball pythons
  15 bats
  3 frilled lizards (Sewer)
  13 kobolds
  5 rats
  A butterfly (D:6)
175 creatures vanquished.

Vanquished Creatures (others)
  8 fungi (D:8)
  15 plants (D:8)
23 creatures vanquished.

Grand Total: 198 creatures vanquished

Notes
Turn   | Place    | Note
-------+----------+-------------------------------------------
     0 | D:1      | Demosthentine the Merfolk Gladiator began the quest for the
                  | Orb.
     0 | D:1      | Reached XP level 1. HP: 16/16 MP: 1/1
    56 | D:1      | Noticed a floating eye
    58 | D:1      | Found a faded altar of an unknown god.
    73 | D:1      | Noticed a great orb of eyes
    73 | D:1      | Noticed a shining eye
    73 | D:1      | Noticed a floating eye
   242 | D:1      | Reached XP level 2. HP: 20/23 MP: 2/2
   801 | D:1      | Reached XP level 3. HP: 28/28 MP: 3/3
  1405 | D:2      | Reached skill level 5 in Polearms
  1501 | D:2      | Reached skill level 1 in Armour
  1825 | D:2      | Found Fepelesa's Book Shoppe.
  1835 | D:2      | Reached XP level 4. HP: 16/35 MP: 4/4
  2155 | D:3      | Found a basalt altar of Yredelemnul.
  2272 | D:3      | Found a glowing silver altar of Zin.
  2331 | D:3      | Became a worshipper of Zin the Law-Giver
  2331 | D:3      | Reached * piety under Zin
  2343 | D:3      | Found a snail-covered altar of Cheibriados.
  2495 | D:3      | Found a white marble altar of Elyvilon.
  2733 | D:3      | Found a shimmering altar of Xom.
  2857 | D:3      | Fell from the grace of Zin
  2857 | D:3      | Became a worshipper of Elyvilon the Healer
  2948 | D:4      | Reached skill level 5 in Dodging
  2952 | D:4      | Reached XP level 5. HP: 41/41 MP: 5/5
  2980 | D:4      | Noticed Edmund
  3001 | D:4      | Killed Edmund
  3002 | D:4      | Reached skill level 6 in Polearms
  3002 | D:4      | Reached XP level 6. HP: 19/48 MP: 6/6
  3200 | D:4      | Found a glowing drain.
  3211 | Sewer    | Entered a sewer
  3766 | Sewer    | Reached * piety under Elyvilon
  4275 | D:5      | Entered Level 5 of the Dungeon
  4471 | D:5      | Reached XP level 7. HP: 48/55 MP: 7/7
  4888 | D:5      | Reached ** piety under Elyvilon
  4897 | D:5      | Reached skill level 7 in Polearms
  5200 | D:6      | Identified the +4 trident "Voqug" {drain, +Blink +Rage Fly}
  5224 | D:6      | Found a staircase to the Ecumenical Temple.
  5314 | Temple   | Entered the Ecumenical Temple
  5386 | Temple   | Fell from the grace of Elyvilon
  5386 | Temple   | Became a worshipper of the Shining One
  5449 | D:6      | Noticed a steam dragon
  5459 | D:6      | Killed a steam dragon
  5460 | D:6      | Reached skill level 5 in Fighting
  5592 | D:6      | Reached * piety under the Shining One
  5593 | D:6      | Reached XP level 8. HP: 55/62 MP: 8/8
  5794 | D:6      | Found a sparkling altar of Nemelex Xobeh.
  6016 | D:6      | Reached skill level 8 in Polearms
  6580 | D:6      | Reached skill level 9 in Polearms
  7032 | D:7      | Reached XP level 9. HP: 71/71 MP: 9/9
  7060 | D:7      | Found a broken altar of Ashenzari.
  7301 | D:7      | Found an ornate altar of the Wu Jian Council.
  7597 | D:7      | Found an opulent altar of Gozag.
  7795 | D:7      | Found a stormy altar of Qazlal.
  7927 | D:8      | Reached skill level 10 in Polearms
  7969 | D:8      | Reached skill level 5 in Armour
  8177 | D:8      | Found a staircase to the Lair.
  8184 | D:8      | Found a runed translucent door.
  8186 | D:8      | Reached ** piety under the Shining One
  8268 | D:8      | Reached XP level 10. HP: 79/80 MP: 10/10
  8272 | D:8      | Identified the +9 trident of the Shore {spect, MP-9 Int+5}
  8583 | D:8      | Noticed a two-headed ogre
  8595 | D:8      | Killed a two-headed ogre
  8596 | D:8      | Reached skill level 11 in Polearms
  8596 | D:8      | Reached skill level 10 in Dodging
  8922 | D:8      | Noticed Zebbs's ghost (novice MiFi)
  8956 | D:9      | Slain by a killer bee

Illustrated notes

Levels and vault maps discovered:
D:1:      tarquinn_simple_flora_water_a, layout_basic,
          hellmonk_ecumenical_altar_watching_god, minmay_pentomino_u4
D:2:      layout_basic, serial_shops, nicolae_shop_window_shopping
D:3:      layout_rooms, marbit_many_paths, mainiacjoe_overflow_cross_hatched,
          general_overflow_altar, mainiacjoe_overflow_boulevard,
          nicolae_overflow_crystal_walls
D:4:      layout_basic, cheibrodos_sewer_entry_bend, uniq_edmund
D:5:      layout_basic
D:6:      minmay_octagon_keep, layout_loops_ring, mainiacjoe_overflow_brackets,
          minmay_temple_entry_butterflies
D:7:      layout_cave_pools, mainiacjoe_overflow_alcove_2,
          mainiacjoe_overflow_catwalk, grunt_gozag_breadcrumbs,
          lemuel_doored_altar, glass_columns_c, minmay_misc_feat_rugged
D:8:      layout_rooms, due_lair_maze_entry_diamond, ebering_ghost_funeral_grove
D:9:      layout_loops_ring, lemuel_tele_altar, makhleb_altar_promises_db,
          kennysheep_generic_room_12
Temple:   eino_temple_lava

Skill      XL: |  1  2  3  4  5  6  7  8  9 10 |
---------------+-------------------------------+-----
Polearms       | 5 6 7 9 10 11 | 11.1
Armour         | 1 2 3 4 5 |  5.4
Fighting       | 3 4 5 6 7 8 |  8.2
Dodging        | 5 6 8 9 10 | 10.2
Throwing       | |  2.0

Action                   |  1- 3 |  4- 6 |  7- 9 | 10-12 || total
-------------------------+-------+-------+-------+-------++-------
Melee: Trident           |   151 |   173 |   282 |    24 ||   630
       Tailslap          |       |     2 |       |       ||     2
Throw: Throwing net      |       |     2 |     1 |       ||     3
  Use: Scroll            |     4 |     8 |     5 |       ||    17
       Potion            |       |       |     2 |       ||     2
 Stab: Distracted        |     1 |     1 |       |       ||     2
       Sleeping          |     2 |     1 |       |       ||     3
Armor: Leather armour    |    46 |    33 |    37 |     4 ||   120
Dodge: Dodged            |    95 |   105 |   168 |    19 ||   387

Table legend: (Time is in decaauts)
 A = Elapsed time spent in this place.
 B = Non-inter-level travel time spent in this place.
 C = Inter-level travel time spent in this place.
 D = Time resting spent in this place.
 E = Time spent auto-exploring this place.
 F = Levels seen in this place.
 G = Mean time per level.
                   A        B        C        D        E       F      G
               +--------+--------+--------+--------+--------+-----+--------+
         Total |   8820 |   8636 |    184 |     19 |   7206 |  11 |  801.8 |
       Dungeon |   8018 |   7835 |    183 |     19 |   6545 |   9 |  890.9 |
        Temple |     81 |     81 |      0 |      0 |     64 |   1 |   81.0 |
         Sewer |    720 |    720 |      0 |      0 |    596 |   1 |  720.0 |
               +--------+--------+--------+--------+--------+-----+--------+

Top non-repeatable levels by time:
     D:6: 1420 daAuts
     D:1: 1409 daAuts
     D:5: 1210 daAuts
     D:8: 1003 daAuts
     D:7: 901 daAuts
     D:3: 743 daAuts
     D:2: 743 daAuts
   Sewer: 720 daAuts
     D:4: 570 daAuts
  Temple: 81 daAuts
     D:9: 16 daAuts
